Map: 16-Bit LE

Players

Neeb - Winner!

  • Race: Protoss Protoss
  • Spawn Location: 1:00

Bly

  • Race: Zerg Zerg
  • Spawn Location: 7:00

Event: WCS Valencia 2018

VOD

Have the link to the VOD?

Description

Time

  • Played on: July 13, 2018, 9:27 a.m.
  • Length: 8:04

All games in this series

Show
View Real Time Build Order
Export as new Build Order

Neeb Protoss - Winner!

Build Orders: 1 Gate Expand, Archon Immortal, Zealot Archon 

Get SALT Encoding   

  12  0:00  Probe  
  13  0:12  Probe  
  14  0:17  Pylon  
  14  0:24  Probe  
  15  0:32  Probe  
  15  0:40  Probe  
  15  0:42  Gateway  
  17  0:50  Assimilator  
  17  0:51  Probe  
  18  1:01  Pylon  
  18  1:03  Probe  
  19  1:15  Probe  
  20  1:28  Nexus  
  20  1:41  Cybernetics Core  
  20  1:42  Probe  
  21  1:51  Assimilator  
  22  1:54  Probe  
  22  1:57  Pylon  
  22  2:04  Probe  
  23  2:08  Stalker  
  23  2:12  Probe  
  23  2:18  Warp Gate  
  23  2:20  Probe  
  27  2:32  Adept, Probe  
  28  2:42  Robotics Facility  
  30  2:44  Probe  
  30  2:47  Probe  
  32  2:56  Probe  
  32  2:58  Zealot  
  33  2:59  Probe  
  36  3:08  Probe  
  36  3:09  Gateway  
  37  3:13  Probe  
  37  3:17  Gateway  
  38  3:22  Probe  
  38  3:25  Pylon  
  40  3:27  Probe  
  40  3:31  Warp Prism  
  40  3:37  Twilight Council  
  38  3:41  Probe  
  38  3:44  Probe  
  42  3:49  Probe  
  43  3:55  Assimilator  
  43  3:56  Probe  
  43  3:58  Assimilator  
  43  3:59  Probe  
  45  4:03  Pylon  
  45  4:08  Probe  
  46  4:11  Probe  
  46  4:17  Templar Archives  
  47  4:20  Probe  
  47  4:23  Probe  
  49  4:27  Zealot x3  
  55  4:32  Probe  
  55  4:35  Probe  
  59  4:40  Immortal, Pylon  
  60  4:57  Pylon  
  60  4:58  Shield Battery, Stalker, Pylon  
  63  5:00  Stalker  
  63  5:02  Stalker  
  63  5:07  Pylon  
  67  5:13  Immortal  
  67  5:15  Pylon  
  71  5:26  Stalker  
  73  5:30  Stalker x2  
  76  5:37  Shield Battery  
  76  5:39  Shield Battery  
  76  5:42  Immortal  
  76  5:53  High Templar x2  
  76  5:54  High Templar  
  76  5:56  Gateway  
  81  6:05  Probe x2  
  82  6:14  Archon  
  82  6:17  Probe  
  81  6:18  Probe  
  81  6:21  Immortal  
  81  6:22  Pylon  
  80  6:27  High Templar x2  
  80  6:29  Probe  
  80  6:32  Archon  
  85  6:33  Probe  
  86  6:40  Zealot  
  86  6:44  Probe  
  86  6:45  Probe  
  88  6:56  Probe  
  88  6:57  Probe  
  90  7:08  Nexus, Zealot, High Templar x2  
  92  7:10  Pylon  
  96  7:16  Pylon  
  96  7:18  Archon  
  96  7:23  Pylon  
  96  7:29  Probe  
  98  7:30  Probe  
  98  7:33  Stalker x2  
  102  7:38  Pylon  
  102  7:43  Probe x2  
Show
View Real Time Build Order
Export as new Build Order

Bly Zerg 

Build Orders: Hatch First, Roach Nydus 

Get SALT Encoding   

  12  0:01  Drone  
  13  0:13  Overlord  
  13  0:18  Drone  
  14  0:31  Drone x2  
  16  0:36  Drone  
  17  0:51  Drone  
  18  1:04  Hatchery  
  18  1:06  Drone  
  18  1:10  Drone  
  19  1:16  Extractor  
  18  1:18  Spawning Pool  
  18  1:22  Drone  
  18  1:28  Drone  
  19  1:43  Overlord  
  19  1:51  Drone  
  20  2:02  Drone  
  20  2:06  Queen  
  23  2:12  Zergling x2  
  24  2:15  Queen  
  24  2:17  Zergling x2, Metabolic Boost  
  24  2:22  Drone  
  28  2:26  Drone  
  29  2:44  Hatchery  
  29  2:47  Overlord, Zergling x2  
  29  2:57  Lair  
  29  2:58  Drone  
  29  3:05  Drone x3  
  33  3:11  Drone x2  
  35  3:20  Drone x3  
  35  3:24  Extractor x2  
  35  3:41  Drone x2  
  35  3:42  Drone  
  35  3:43  Drone x2  
  35  3:44  Roach Warren  
  39  3:50  Queen  
  41  4:02  Nydus Network  
  41  4:04  Queen  
  42  4:18  Overseer  
  41  4:26  Roach  
  41  4:27  Overlord  
  41  4:28  Overlord  
  41  4:29  Overlord  
  43  4:43  Nydus Canal  
  43  4:45  Queen  
  43  4:46  Roach x5  
  43  4:49  Overseer  
  55  4:53  Roach x2  
  55  4:57  Roach  
  61  5:04  Zergling x6  
  64  5:13  Roach  
  66  5:20  Zergling x2  
  65  5:30  Overlord  
  64  5:37  Overlord  
  64  5:39  Ravager  
  64  5:41  Ravager  
  66  5:43  Overlord, Zergling x2  
  63  5:54  Roach  
  63  5:55  Roach x4  
  69  6:00  Roach x3  
  69  6:01  Glial Reconstitution  
  68  6:12  Roach  
  68  6:13  Roach x2  
  60  6:30  Roach x3  
  49  6:37  Drone  
  46  6:41  Extractor, Spire  
  44  6:49  Drone  
  44  6:50  Drone x2  
  46  6:56  Drone  
  46  6:59  Drone  
  48  7:11  Queen  
  48  7:12  Hatchery  
  48  7:15  Queen  
  51  7:21  Roach  
  53  7:23  Roach  
  53  7:29  Roach x2  
  55  7:33  Roach  
  58  7:39  Ravager x4  
  58  7:41  Roach x2  
  58  7:42  Roach  
  58  7:43  Ravager x2  
Tags
 
Add a new tag
Caveats
  • Supply blocks, unpowered buildings, or Contaminate may cause inaccurate times.
  • Supply counts are checked every 10 seconds.